 Dungeon Crawl Stone Soup version 0.31-a0-355-g57cb03d3e8 (webtiles) character file.

Game seed: 1323529565517602163

11128 bobarctor the Brawler (level 11, 0/100 HPs)
             Began as a Troll Berserker on July 24, 2023.
             Was a High Priest of Trog.
             Slain by a yak (7 damage)
             ... on level 12 of the Dungeon.
             The game lasted 00:36:23 (9079 turns).

bobarctor the Brawler (Troll Berserker)             Turns: 9079, Time: 00:36:23

Health: 0/100      AC:  8    Str: 27    XL:     11   Next: 45%
Magic:  10/10      EV: 11    Int:  3    God:    Trog [*****.]
Gold:   529        SH:  0    Dex: 13    Spells: 10/10 levels left

rFire   . .          .
                       - Unarmed
rCold   . . .        (no shield)
rNeg    . . .        I - +0 troll leather armour
rPois   .            (helmet restricted)
rElec   .            i - +1 cloak
rCorr   .            (gloves unavailable)
SInv    +            (boots unavailable)
Will    ++...        (no amulet)
Stlth   +            z - ring of see invisible
HPRegen 2.96/turn    (no ring)
MPRegen 0.12/turn

%: no passive effects
@: strong-willed, on berserk cooldown, regenerating, slowed, very slow
A: large, unfitting armour, claws 3, regeneration 1, shaggy fur 1, tough skin 1
a: Renounce Religion, Berserk, Trog's Hand, Brothers in Arms


You were on level 12 of the Dungeon.
You worshipped Trog.
Trog was extremely pleased with you.
You visited 2 branches of the dungeon, and saw 13 of its levels.
You also visited: Sewer and Ossuary.

You collected 589 gold pieces.
You spent 60 gold pieces at shops.

Inventory:

Hand Weapons
 E - a +5 broad axe of flaming
 F - the +7 great mace "Firestarter" {flame, immolate, rFlCloud rF++}
   (You found it on level 8 of the Dungeon)

   rFlCloud:  It grants immunity to clouds of flame.
   rF:        It greatly protects you from fire.
Missiles
 f - 134 stones (quivered)
 g - 5 silver javelins
 q - 33 poisoned darts
 y - 14 boomerangs
 K - 7 curare-tipped darts
Armour
 i - a +1 cloak (worn)
 p - a +1 robe of fire resistance
 G - the +0 robe "Acatioh" {-Tele rElec Str+2}
   (You found it on level 9 of the Dungeon)

   Str:       It affects your strength (+2).
   rElec:     It insulates you from electricity.
   -Tele:     It prevents most forms of teleportation.
 I - a +0 troll leather armour (worn)
 M - +0 acid dragon scales
Jewellery
 z - a ring of see invisible (left claw)
 A - a ring of resist corrosion
Talismans
 s - a maw talisman
 J - a blade talisman
Wands
 a - a wand of digging (13)
 L - a wand of mindburst (6)
 N - a wand of paralysis (6)
Scrolls
 c - 4 scrolls of poison
 d - 6 scrolls of identify
 h - 2 scrolls of butterflies
 k - 2 scrolls of blinking
 l - 3 scrolls of immolation
 t - a scroll of enchant armour
 x - a scroll of enchant weapon
 B - a scroll of acquirement {unknown}
 D - 3 scrolls of teleportation
 H - a scroll of fear
Potions
 b - 3 potions of haste {unknown}
 e - 12 potions of curing
 j - 2 potions of berserk rage {unknown}
 m - 2 potions of degeneration {unknown}
 n - 5 potions of heal wounds
 o - 5 potions of magic {unknown}
 r - 2 potions of lignification {unknown}
 u - 2 potions of might {unknown}
 v - 3 potions of attraction {unknown}
 w - a potion of mutation {unknown}
 C - 2 potions of enlightenment {unknown}


   Skills:
 + Level 4.2 Fighting
 + Level 5.5 Dodging
 * Level 15.9 Unarmed Combat
 * Level 4.3 Shapeshifting


You had 10 spell levels left.
You didn't know any spells.
Your spell library was empty.

Dungeon Overview and Level Annotations

Branches:
Dungeon (12/15)            Temple (1/1) D:4            Lair (0/5) D:8
    Orc (0/2) D:10          Sewer (visited)         Ossuary (visited)

Altars:
Ashenzari
Cheibriados
Dithmenos
Elyvilon
Fedhas
Gozag
Hepliaklqana
Kikubaaqudgha
Makhleb
Nemelex Xobeh
Okawaru
Qazlal
Ru
Sif Muna
Trog
Uskayaw
Vehumet
Wu Jian
Xom
Yredelemnul
Zin
The Shining One

Shops:
D:3 !   D:5 (


Innate Abilities, Weirdness & Mutations

You are too large for most types of armour.
You have claws for hands.
Your natural rate of healing is unusually fast.
You are covered in fur. (AC +1)
You have tough skin. (AC +1)


Message History

* * * LOW HITPOINT WARNING * * *
You scratch the boulder beetle. Your claw misses the boulder beetle.
The boulder beetle is severely wounded.
You scratch the boulder beetle but do no damage.
You claw the boulder beetle!
The boulder beetle is almost dead.
The boulder beetle bites you!
* * * LOW HITPOINT WARNING * * *
You mangle the boulder beetle!!
You kill the boulder beetle!
Trog accepts your kill.
Your skin stops crawling.
You feel less strong-willed.
The centaur warrior unwields a +0 orcbow.
The centaur warrior hits you!
* * * LOW HITPOINT WARNING * * *
The centaur warrior closely misses you.
The purple ugly thing closely misses you.
You feel a strong urge to attack something.
The centaur warrior wields a +0 orcbow.
The centaur warrior shoots an arrow.
The arrow barely misses you.
You are too berserk!
You are no longer berserk.
You are exhausted.
You feel yourself slow down.
You mangle the purple ugly thing!!
The purple ugly thing is heavily wounded.
The purple ugly thing engulfs you.
* * * LOW HITPOINT WARNING * * *
You mangle the purple ugly thing!!
The purple ugly thing is almost dead.
The purple ugly thing barely misses you.
You mangle the purple ugly thing!!
You kill the purple ugly thing!
Trog accepts your kill.
The centaur warrior shoots an arrow.
The arrow hits you!!
* * * LOW HITPOINT WARNING * * *
Your skin crawls.
You feel strong-willed. The yak gores you!
You die...

# ### ### .#. ##..
..## ... #.#.###.#.#
#.. ..#...#..#
#...####.....#
#.†YO#.....# ....
#.##.#@....### ..... #
#cY#...#..#....#.
#.#.###.#.#...#....#
##..#....##.........
#######'#####.........
....................#.
####......<....#......
.........#.....#....^.
####....#............#


You could see a centaur warrior and a yak.

Vanquished Creatures
  2 two-headed ogres (D:11)
  2 boulder beetles (D:12)
  A manticore (D:12)
  2 ugly things (D:12)
  A kobold demonologist (D:11)
  A rime drake (D:8)
  4 trolls
  A shadow (D:9)
  4 wyverns
  4 wraiths
  A steam dragon (D:9)
  A vampire mosquito (D:12)
  2 water moccasins
  Duvessa (D:7)
  2 acid dragons (D:10)
  4 orc warriors
  2 sky beasts
  2 ice beasts (D:8)
  An ogre (D:5)
  2 wolves (D:8)
  A centaur (D:6)
  A phantom (D:4)
  4 kobold brigands (D:9)
  4 bullfrogs
  2 water moccasin zombies (Ossuary)
  A scorpion (D:6)
  8 wights (D:7)
  Dowan (D:7)
  4 killer bees (D:10)
  6 hounds
  7 jellies
  Crazy Yiuf (D:2)
  5 orc priests
  2 sleepcaps
  Jessica (D:2)
  6 iguanas
  12 orc wizards
  Terence (D:2)
  2 mummies (Ossuary)
  4 gnolls (D:8)
  12 adders
  3 river rats (Sewer)
  A shadow imp (D:5)
  3 white imps
  3 ufetubi
  5 adder zombies (Ossuary)
  5 worms
  6 dart slugs
  47 orcs
  3 bats
  12 endoplasms
  5 giant cockroaches
  4 gnoll zombies (Ossuary)
  11 goblins
  9 hobgoblins
  5 jackals
  33 kobolds
  2 quokkas
  8 ball pythons
  7 frilled lizards
  2 goblin zombies (D:8)
  5 hobgoblin zombies (Ossuary)
  3 kobold zombies (Ossuary)
  8 orc zombies (Ossuary)
  8 rats
323 creatures vanquished.

Vanquished Creatures (collateral kills)
  A gnoll sergeant (D:8)
  A gnoll (D:8)
2 creatures vanquished.

Grand Total: 325 creatures vanquished

Notes
Turn   | Place    | Note
-------+----------+-------------------------------------------
     0 | D:1      | bobarctor the Troll Berserker began the quest for the Orb.
     0 | D:1      | Reached XP level 1. HP: 22/22 MP: 0/0
    81 | D:1      | Reached XP level 2. HP: 28/29 MP: 1/1
   277 | D:1      | Reached XP level 3. HP: 36/36 MP: 2/2
   286 | D:1      | Reached ** piety under Trog
  1118 | D:2      | Found a runed translucent door.
  1119 | D:2      | Noticed Crazy Yiuf
  1128 | D:2      | Killed Crazy Yiuf
  1129 | D:2      | Reached skill level 4 in Unarmed Combat
  1129 | D:2      | Reached XP level 4. HP: 45/45 MP: 3/3
  1292 | D:2      | Noticed Terence
  1301 | D:2      | Killed Terence
  1445 | D:2      | Noticed Jessica
  1451 | D:2      | Killed Jessica
  1452 | D:2      | Reached XP level 5. HP: 48/53 MP: 4/4
  1972 | D:3      | Found Jutaeniu's Distillery.
  1991 | D:3      | Bought a potion of heal wounds for 60 gold pieces
  2089 | D:3      | Reached skill level 5 in Unarmed Combat
  2186 | D:3      | Found a shimmering altar of Xom.
  2590 | D:4      | Found a staircase to the Ecumenical Temple.
  2609 | Temple   | Entered the Ecumenical Temple
  2728 | D:4      | Reached XP level 6. HP: 61/61 MP: 5/5
  2835 | D:4      | Reached skill level 6 in Unarmed Combat
  2961 | D:4      | Reached *** piety under Trog
  3157 | D:4      | Reached XP level 7. HP: 65/67 MP: 6/6
  3270 | D:5      | Entered Level 5 of the Dungeon
  3362 | D:5      | Reached skill level 7 in Unarmed Combat
  3492 | D:5      | Found Ezemur's Weapon Shoppe.
  3591 | D:5      | Found a glowing drain.
  3596 | Sewer    | Entered a sewer
  3758 | Sewer    | Reached skill level 8 in Unarmed Combat
  3787 | Sewer    | Reached **** piety under Trog
  3809 | Sewer    | Found a viscous altar of Jiyva.
  3888 | D:5      | Reached XP level 8. HP: 56/75 MP: 7/7
  4350 | D:6      | Reached skill level 9 in Unarmed Combat
  4450 | D:6      | Reached skill level 1 in Shapeshifting
  4535 | D:6      | Reached skill level 10 in Unarmed Combat
  4752 | D:6      | Found a glowing silver altar of Zin.
  4931 | D:7      | Noticed Duvessa
  4931 | D:7      | Noticed Dowan
  5101 | D:7      | Reached XP level 9. HP: 80/83 MP: 8/8
  5162 | D:7      | Reached skill level 11 in Unarmed Combat
  5500 | D:7      | Killed Dowan
  5597 | D:7      | Killed Duvessa
  5654 | D:8      | Found an opulent altar of Gozag.
  5693 | D:8      | Found a sand-covered staircase.
  5716 | Ossuary  | Entered an ossuary
  5780 | Ossuary  | Reached ***** piety under Trog
  5921 | D:8      | Noticed a rime drake
  5928 | D:8      | Reached skill level 12 in Unarmed Combat
  5937 | D:8      | Killed a rime drake
  6086 | D:8      | Found a staircase to the Lair.
  6107 | D:8      | Received a gift from Trog
  6170 | D:8      | Reached XP level 10. HP: 83/92 MP: 9/9
  6583 | D:8      | Found the +7 great mace "Firestarter" {flame, immolate,
                  | rFlCloud rF++}
  6589 | D:8      | Reached skill level 13 in Unarmed Combat
  6625 | D:8      | Found an ornate altar of the Wu Jian Council.
  6626 | D:8      | Found a stormy altar of Qazlal.
  6828 | D:9      | Identified the +0 robe "Acatioh" {-Tele rElec Str+2}
  7491 | D:10     | Entered Level 10 of the Dungeon
  7574 | D:10     | Reached skill level 5 in Dodging
  7654 | D:10     | Reached skill level 14 in Unarmed Combat
  7781 | D:10     | Found a glowing golden altar of the Shining One.
  7898 | D:10     | Found a staircase to the Orcish Mines.
  7944 | D:10     | Found a bloodstained altar of Trog.
  8444 | D:11     | Noticed a two-headed ogre
  8456 | D:11     | Killed a two-headed ogre
  8526 | D:11     | Reached XP level 11. HP: 98/98 MP: 10/10
  8708 | D:11     | Noticed a two-headed ogre
  8713 | D:11     | Killed a two-headed ogre
  8714 | D:11     | Reached skill level 15 in Unarmed Combat
  8981 | D:12     | Noticed a green ugly thing
  8988 | D:12     | Killed a green ugly thing
  8989 | D:12     | Noticed a boulder beetle
  9004 | D:12     | Killed a boulder beetle
  9050 | D:12     | Noticed a centaur warrior
  9053 | D:12     | Noticed a boulder beetle
  9053 | D:12     | Noticed a two-headed ogre
  9054 | D:12     | Noticed a purple ugly thing
  9072 | D:12     | Killed a boulder beetle
  9078 | D:12     | Killed a purple ugly thing
  9078 | D:12     | HP: 2/100 [centaur warrior/arrow (21)]
  9079 | D:12     | Slain by a yak

Illustrated notes

Levels and vault maps discovered:
D:1:      scummos_arrival_forest, layout_basic, minmay_misc_feat_five,
          hangedman_decor_slide_cut, patterned_corridor
D:2:      layout_basic, serial_forest, infiniplex_forest_lined_corner,
          infiniplex_forest_corner_1, infiniplex_forest_clump_curved,
          infiniplex_forest_clump_long, infiniplex_forest_lined_2,
          infiniplex_forest_clump_curved, st_stairs_12,
          ebering_dispersal_statue_hall, kennysheep_generic_room_2,
          uniq_jessica, uniq_terence, uniq_crazy_yiuf_cottage
D:3:      layout_basic, mainiacjoe_overflow_brackets, serial_shops,
          nicolae_shop_industrial_runoff
D:4:      wad_river_or_something, layout_rooms, minmay_temple_entry_crystal_x,
          dk_rats_in_the_wall
D:5:      layout_rooms, portal_sewer_entry_e, serial_shops, nicolae_shop_trees
D:6:      layout_loops_ring, zin_statuary
D:7:      layout_rooms, uniq_duvessa
D:8:      layout_loops_ring, nicolae_gozag_cash_rules_everything_around_me,
          gammafunk_temple_overflow_pools, hellmonk_lair_entry_icy,
          enter_ossuary_4
D:9:      layout_roguey, chequers_hall_statues_wall_a
D:10:     layout_irregular_city, lemuel_tele_altar, mainiacjoe_overflow_paths,
          hiddenorc1_lemuel
D:11:     layout_cave_pods
D:12:     minmay_the_grid_4x2 [minmay_the_grid_mess,
          minmay_the_grid_pillar_ring, minmay_the_grid_x,
          minmay_the_grid_plusring, minmay_the_grid_holed_spiral,
          minmay_the_grid_spin_star, minmay_the_grid_tiny_cups,
          minmay_the_grid_prize_big_room], layout_cross, gammafunk_ghost_grave,
          wad_hexagon, uniq_nessos
Temple:   hellmonk_temple_of_storms

Skill      XL: |  1  2  3  4  5  6  7  8  9 10 11 |
---------------+----------------------------------+-----
Fighting       | 3 4 |  4.2
Unarmed Combat | 4 5 6 8 10 12 14 15 | 15.9
Dodging        | 3 4 5 |  5.5
Shapeshifting  | 1 2 3 4 |  4.3

Action                     |  1- 3 |  4- 6 |  7- 9 | 10-12 || total
---------------------------+-------+-------+-------+-------++-------
  Melee: Unarmed           |    60 |   159 |   319 |   246 ||   784
         Punch             |     2 |     5 |    16 |    12 ||    35
 Invoke: Berserk           |     1 |     1 |     2 |     5 ||     9
         Trog's Hand       |       |     1 |     3 |     6 ||    10
         Brothers in Arms  |       |       |       |     1 ||     1
    Use: Scroll            |       |       |    14 |       ||    14
   Stab: Sleeping          |     2 |     1 |       |       ||     3
 Armour: Animal skin       |    15 |    18 |       |       ||    33
         Robe              |       |    36 |    89 |    20 ||   145
         Troll leather arm |       |       |       |    53 ||    53
  Dodge: Dodged            |    26 |    70 |   112 |   128 ||   336

Table legend: (Time is in decaauts)
 A = Elapsed time spent in this place.
 B = Non-inter-level travel time spent in this place.
 C = Inter-level travel time spent in this place.
 D = Time resting spent in this place.
 E = Time spent auto-exploring this place.
 F = Levels seen in this place.
 G = Mean time per level.
                   A        B        C        D        E       F      G
               +--------+--------+--------+--------+--------+-----+--------+
         Total |   9019 |   8694 |    325 |    302 |   6129 |  15 |  601.3 |
       Dungeon |   8564 |   8239 |    325 |    302 |   6018 |  12 |  713.7 |
        Temple |      4 |      4 |      0 |      0 |      0 |   1 |    4.0 |
         Sewer |    277 |    277 |      0 |      0 |    111 |   1 |  277.0 |
       Ossuary |    172 |    172 |      0 |      0 |      0 |   1 |  172.0 |
               +--------+--------+--------+--------+--------+-----+--------+

Top non-repeatable levels by time:
     D:2: 983 daAuts
     D:1: 966 daAuts
     D:8: 889 daAuts
     D:9: 748 daAuts
    D:10: 743 daAuts
    D:11: 740 daAuts
     D:6: 725 daAuts
     D:4: 717 daAuts
     D:7: 666 daAuts
     D:5: 647 daAuts
     D:3: 637 daAuts
   Sewer: 277 daAuts
 Ossuary: 172 daAuts
    D:12: 97 daAuts
  Temple: 4 daAuts
